 Dungeon Crawl Stone Soup version 0.32-a0-132-g2d33c3cfaf (webtiles) character file.

Game seed: 13402307118778509394

2 Newt the Cutter (level 1, 0/16 HPs)
             Began as a Demonspawn Gladiator on Feb 9, 2024.
             Slain by a ball python (1 damage)
             ... on level 1 of the Dungeon.
             The game lasted 00:00:09 (126 turns).

Newt the Cutter (Demonspawn Gladiator)               Turns: 126, Time: 00:00:10

Health: 0/16       AC:  4    Str: 14    XL:     1   Next: 25%
Magic:  1/1        EV:  9    Int:  8    God:
Gold:   0          SH:  0    Dex: 14    Spells: 0/0 levels left

rFire   . . .        a - +0 rapier
rCold   . . .        (no shield)
rNeg    . . .        b - +0 leather armour
rPois   .            c - +0 helmet
rElec   .            (no cloak)
rCorr   .            (no gloves)
SInv    .            (no boots)
Will    .....        (no amulet)
Stlth   +            (no ring)
HPRegen 0.22/turn    (no ring)
MPRegen 0.07/turn

%: no passive effects
@: constricted
A: no striking features
a: no special abilities


You were on level 1 of the Dungeon.
You visited 1 branch of the dungeon, and saw 1 of its levels.

Inventory:

Hand Weapons
 a - a +0 rapier (weapon)
Missiles
 d - 3 throwing nets (quivered)
 e - a javelin
Armour
 b - a +0 leather armour (worn)
 c - a +0 helmet (worn)


   Skills:
 + Level 2.0 Fighting
 * Level 2.8 Short Blades
 - Level 1.7 Throwing
 - Level 2.6 Dodging


You couldn't memorise any spells.
You didn't know any spells.
Your spell library was empty.

Dungeon Overview and Level Annotations

Branches:
Dungeon (1/15)

Altars:


Message History

No target in view!
No target in view!
No target in view!
HP restored.
You see here a giant cockroach corpse.
A kobold and a ball python come into view.
Found a book of Conjurations.
There are monsters nearby!
A bat, an endoplasm and a rat come into view.
The kobold shouts!
The ball python hisses angrily.
You hear a loud squeak.
A rat comes into view.
You miss the bat. The bat closely misses you.
The bat hits you but does no damage.
A kobold comes into view.
It is wielding a +1 short sword of speed.
The kobold shouts!
The endoplasm quivers.
The ball python attacks as it pursues you!
The ball python barely misses you. The ball python closely misses you.
The bat hits you but does no damage. The ball python barely misses you. x2
You closely miss the ball python.
The ball python bites you but does no damage.
The ball python closely misses you.
You barely miss the kobold.
The kobold hits you with a +1 short sword of speed.
The ball python bites you but does no damage.
The ball python completely misses you.
The kobold hits you with a +1 short sword of speed.
You barely miss the kobold. The ball python misses you.
The ball python closely misses you. The kobold hits you but does no damage.
The kobold misses you.
You closely miss the kobold. The ball python bites you.
The ball python closely misses you.
The kobold hits you with a +1 short sword of speed.
You closely miss the kobold. The ball python misses you.
The ball python grabs you. The ball python constricts you.
The kobold hits you with a +1 short sword of speed.
* * * LOW HITPOINT WARNING * * *
The kobold hits you but does no damage. The ball python bites you.
You die...

#..........#
#..........#
#####..........#
......?........#
................
.......rJ......#
################Kr.#....
#.......'......#S#†# .##
#.############.#@#.# #.#
#.#K#.# #.# ########
#.#.#.# #.# #...'..#
#.#.#.# #.# #.###..#
#.#...# #.# #.# ##'#
#'#'#'# #'# #'# #<#
#.#.#.# #.# #.# ###
#.#.#.# #.# #.# #.#.#.#


You could see an endoplasm, a ball python, 2 kobolds and 2 rats.

Vanquished Creatures
  A giant cockroach (D:1)
  A rat (D:1)
2 creatures vanquished.

Notes
Turn   | Place    | Note
-------+----------+-------------------------------------------
     0 | D:1      | Newt the Demonspawn Gladiator began the quest for the Orb.
     0 | D:1      | Reached XP level 1. HP: 16/16 MP: 1/1
   126 | D:1      | Slain by a ball python

Illustrated notes

Levels and vault maps discovered:
D:1:      minmay_arrival_widening_spiral_narrow, layout_rooms,
          shapermc_ecumenical_altar_rom_forum

Action                     || total
---------------------------++-------
  Melee: Rapier            ||    14
 Armour: Leather armour    ||    15
  Dodge: Dodged            ||    16

Table legend: (Time is in decaauts)
 A = Elapsed time spent in this place.
 B = Non-inter-level travel time spent in this place.
 C = Inter-level travel time spent in this place.
 D = Time resting spent in this place.
 E = Time spent auto-exploring this place.
 F = Levels seen in this place.
 G = Mean time per level.
                   A        B        C        D        E       F      G
               +--------+--------+--------+--------+--------+-----+--------+
         Total |    127 |    127 |      0 |      0 |     99 |   1 |  127.0 |
       Dungeon |    127 |    127 |      0 |      0 |     99 |   1 |  127.0 |
               +--------+--------+--------+--------+--------+-----+--------+

Top non-repeatable levels by time:
     D:1: 127 daAuts
